AoeStats
← chengyenfa

Arena

508693440Analyzed
4v4 RM · 10d ago on Sep 23, 2026· 56m 48s· 8 players
Game mode
Random Map
Map size
Large (8 player)
Population
200
Speed
Normal
Resources
Standard
Victory
Conquest
Starting age
Dark Age
Ending age
Imperial Age
RankedLock teamsTeams togetherTeam positionsShared explorationLock speedFull tech treeHidden civsTurbo modeCheats
Victory
Defeat
🇭🇰 Cumans · Hong Kong SAR China
1430
+16
🇨🇳 Mongols · China
1429
+16
🇹🇼 Malay · Taiwan
1414
+17
🇹🇼 Sicilians · Taiwan
1409
+17
🇦🇷 Poles · Argentina
1538
-21
🇵🇪 Sicilians · Peru
1477
-18
🇩🇴 Huns · Dominican Republic
1445
-17
🇪🇸 Burgundians · Spain
1275
-10
chengyenfa
6:05 Loom
8:29 Feudal Age
12:39 Double-Bit Axe
13:16 Fletching
13:37 Horse Collar
16:39 Town Watch
19:57 Wheelbarrow
22:16 Castle Age
20:27 Scale Mail Armor
21:07 Stone Mining
21:07 Gold Mining
22:14 Forging
23:31 Fletching
24:04 Bow Saw
24:40 Iron Casting
24:45 Bodkin Arrow
27:08 Heavy Plow
28:10 Chain Mail Armor
30:01 Pikeman
36:52 Imperial Age
37:04 Halberdier
37:46 Squires
38:50 Blast Furnace
40:14 Plate Mail Armor
40:09 Bracer
40:41 Hand Cart
43:18 First Crusade
43:19 Conscription
43:34 Hoardings
44:00 Masonry
44:28 Elite Serjeant
45:55 Gold Shaft Mining
45:55 Stone Shaft Mining
45:46 Ballistics
47:34 Crop Rotation
48:07 Chemistry
47:13 Siege Engineers
47:04 Murder Holes
48:31 Arrowslits
51:29 Arson
TW_Picar
9:41 Feudal Age
8:21 Loom
10:52 Fletching
17:57 Double-Bit Axe
19:07 Horse Collar
25:13 Wheelbarrow
27:51 Castle Age
29:02 Bow Saw
28:53 Heavy Plow
28:50 Bodkin Arrow
31:06 Pikeman
32:00 Forging
33:58 Iron Casting
41:20 Imperial Age
39:22 Padded Archer Armor
38:58 Elite Skirmisher
39:44 Thumb Ring
40:21 Leather Archer Armor
40:23 Squires
41:13 Halberdier
43:37 Blast Furnace
45:15 Scale Barding Armor
45:54 Stone Mining
45:55 Gold Mining
46:26 Hand Cart
46:53 Crop Rotation
46:26 Bracer
46:57 Ring Archer Armor
47:52 Conscription
50:29 Ballistics
51:10 Chemistry
49:51 Treadmill Crane
50:28 Town Watch
50:17 Man-at-Arms
50:42 Arson
52:07 Town Patrol
51:54 Crossbowman
52:44 Arbalester
52:51 Long Swordsman
54:33 Gold Shaft Mining
54:34 Stone Shaft Mining
57:23 Siege Engineers
57:29 Masonry
kenny yip
8:21 Feudal Age
9:06 Double-Bit Axe
9:02 Horse Collar
12:10 Loom
13:42 Loom
14:39 Loom
15:45 Wheelbarrow
16:44 Bloodlines
22:05 Castle Age
20:06 Gold Mining
20:47 Scale Barding Armor
21:16 Forging
22:12 Light Cavalry
23:01 Heavy Plow
23:11 Bow Saw
23:35 Hand Cart
25:32 Gold Shaft Mining
28:04 Imperial Age
26:08 Chain Barding Armor
27:57 Iron Casting
29:26 Plate Barding Armor
28:34 Cavalier
30:29 Guilds
31:38 Blast Furnace
31:18 Paladin
34:19 Caravan
35:33 Squires
35:39 Scale Mail Armor
35:00 Pikeman
36:36 Herbal Medicine
36:43 Halberdier
37:48 Chain Mail Armor
39:20 Plate Mail Armor
45:09 Coinage
46:44 Banking
47:19 Conscription
46:52 Fletching
46:59 Capped Ram
54:00 Siege Ram
55:39 Stone Mining
第一滴血
9:51 Feudal Age
13:43 Castle Age
11:51 Double-Bit Axe
11:47 Horse Collar
23:30 Wheelbarrow
24:35 Hand Cart
25:15 Loom
25:53 Bow Saw
28:55 Imperial Age
26:30 Gold Mining
26:31 Stone Mining
27:04 Ballistics
27:39 Fletching
28:22 Bodkin Arrow
30:03 Gold Shaft Mining
30:04 Stone Shaft Mining
29:31 Padded Archer Armor
30:58 Chemistry
30:28 Conscription
30:38 Bracer
31:54 Bloodlines
31:45 Husbandry
33:23 Parthian Tactics
32:27 Elite Mangudai
33:15 Thumb Ring
34:29 Parthian Tactics
36:30 Coinage
36:41 Hoardings
38:19 Banking
38:11 Drill
41:28 Murder Holes
41:57 Capped Ram
41:58 Onager
43:37 Siege Ram
44:21 Caravan
45:37 Siege Engineers
45:42 Masonry
45:49 Masonry
46:25 Leather Archer Armor
48:22 Scale Barding Armor
48:27 Forging
47:47 Light Cavalry
48:34 Hussar
49:36 Chain Barding Armor
50:33 Iron Casting
53:37 Blast Furnace
RD | Telematico
10:51 Feudal Age
12:01 Double-Bit Axe
14:23 Castle Age
15:24 Bow Saw
16:37 Horse Collar
24:17 Wheelbarrow
24:05 Gold Mining
27:18 Imperial Age
25:03 Scale Barding Armor
25:08 Forging
25:03 Scale Barding Armor
26:55 Chain Barding Armor
26:46 Forging
26:54 Bloodlines
26:45 Husbandry
27:21 Cavalier
28:38 Plate Barding Armor
29:24 Iron Casting
29:01 Paladin
30:13 Conscription
32:04 Two-Man Saw
32:29 Gold Shaft Mining
34:26 Blast Furnace
33:12 Loom
33:46 Town Watch
35:38 Hand Cart
35:38 Fletching
36:22 Bodkin Arrow
36:27 Padded Archer Armor
37:30 Chemistry
37:58 Elite Skirmisher
40:08 Bracer
40:24 Leather Archer Armor
42:05 Light Cavalry
43:07 Thumb Ring
44:21 Ballistics
45:48 Heavy Plow
48:21 Hussar
fesava
4:48 Double-Bit Axe
8:08 Wheelbarrow
7:41 Horse Collar
11:59 Feudal Age
13:55 Bow Saw
16:26 Castle Age
14:31 Heavy Plow
18:35 Two-Man Saw
21:47 Hand Cart
22:12 Gold Mining
22:11 Loom
23:18 Stone Mining
24:07 Crop Rotation
25:38 Gold Shaft Mining
25:30 Pikeman
29:34 Imperial Age
27:37 Forging
27:33 Scale Barding Armor
28:45 Stone Shaft Mining
28:17 Cavalier
28:57 Husbandry
29:35 Iron Casting
29:27 Chain Barding Armor
30:13 Paladin
32:39 Chemistry
32:04 Conscription
32:04 Burgundian Vineyards
32:48 Plate Barding Armor
32:26 Capped Ram
34:46 Blast Furnace
35:56 Squires
35:42 Arson
35:30 Halberdier
36:13 Scale Mail Armor
39:45 Chain Mail Armor
45:27 Light Cavalry
46:18 Town Watch
47:29 Plate Mail Armor
47:12 Hussar
Alex Kriz Froz
5:55 Loom
8:24 Feudal Age
9:53 Town Watch
15:23 Double-Bit Axe
16:48 Wheelbarrow
17:26 Horse Collar
23:31 Castle Age
24:27 Bow Saw
24:18 Heavy Plow
25:02 Gold Mining
28:33 Fletching
29:21 Padded Archer Armor
31:46 Bodkin Arrow
36:47 Hand Cart
40:25 Town Patrol
46:45 Gold Shaft Mining
47:26 Elite Skirmisher
49:20 Leather Archer Armor
49:59 Ballistics
50:33 Scale Mail Armor
50:43 Forging
55:44 Imperial Age
54:44 Chain Mail Armor
55:04 Iron Casting
53:55 Pikeman
54:22 Gambesons
54:37 Squires
57:01 Plate Mail Armor
DL | Lich
5:26 Loom
8:09 Feudal Age
9:02 Double-Bit Axe
8:58 Horse Collar
11:00 Town Watch
13:25 Wheelbarrow
22:17 Castle Age
23:18 Bow Saw
23:09 Heavy Plow
23:37 Bow Saw
34:25 Imperial Age
31:46 Gold Mining
32:04 Fletching
32:45 Bodkin Arrow
33:18 Crossbowman
35:06 Bracer
36:24 Chemistry
38:18 Padded Archer Armor
38:05 Capped Ram
39:13 Stone Mining
40:02 Thumb Ring
39:43 Arbalester
40:32 Light Cavalry
41:13 Husbandry
41:37 Scale Barding Armor
42:53 Bloodlines
46:36 Leather Archer Armor
51:52 Winged Hussar
53:50 Winged Hussar
55:26 Hand Cart
55:46 Chain Barding Armor
55:39 Forging
Connection lost

Rejoining the realm…

Still unreachable

The connection could not be restored.

Session expired

The server has moved on; the page needs a fresh start.